 Dungeon Crawl Stone Soup version 0.27-a0-1312-g5cdb2b3542 (webtiles) character file.

Game seed: 11628087755835137021

5164 Delamore the Impaler (level 10, -1/74 HPs)
             Began as a Formicid Fighter on June 19, 2021.
             Was an Initiate of Gozag.
             Slain by an orc warrior (13 damage)
             ... in a bailey.
             The game lasted 00:07:26 (7672 turns).

Delamore the Impaler (Formicid Fighter)             Turns: 7672, Time: 00:07:27

Health: -1/74      AC:  9    Str: 24    XL:     10   Next: 90%
Magic:  10/10      EV:  8    Int:  8    God:    Gozag
Gold:   729        SH: 10    Dex: 10    Spells: 9/9 levels left

rFire    . . .     SeeInvis +   q - +0 halberd (freeze)
rCold    . . .     Faith    .   c - +1 kite shield
rNeg     + + .     Spirit   .   p - +3 ring mail {rN+}
rPois    +         Reflect  .   (helmet unavailable)
rElec    .         Harm     .   l - +0 cloak
rCorr    .         Rampage  .   (no gloves)
Will     +....                  (no boots)
Stlth    ..........             (no amulet)
HPRegen  0.22/turn              y - ring of positive energy
MPRegen  0.12/turn              C - ring of poison resistance

@: mighty, gold aura
A: permanent stasis, dig shafts and tunnels, antennae 3, four strong arms
a: Dig, Renounce Religion, Potion Petition, Call Merchant, Bribe Branch


You were in a bailey.
You worshipped Gozag.
Gozag was pleased with you.
You visited 2 branches of the dungeon, and saw 8 of its levels.
You also visited: Bailey.

You collected 793 gold pieces.
You paid 64 gold pieces to Gozag.

Inventory:

Hand Weapons
 a - a +1 trident
 q - a +0 halberd of freezing (weapon)
Missiles
 j - 25 poisoned darts (quivered)
 o - 7 atropa-tipped darts
 u - a throwing net
Armour
 b - a +0 scale mail
 c - a +1 kite shield (worn)
 l - a +0 cloak (worn)
 p - a +3 ring mail of positive energy (worn)
Jewellery
 y - a ring of positive energy (left hand)
 C - a ring of poison resistance (right hand)
Wands
 i - a wand of polymorph (6)
 m - a wand of flame (37)
Scrolls
 g - a scroll of enchant armour
 r - 2 scrolls of fog
 s - 2 scrolls of identify
 t - a scroll of amnesia
Potions
 e - 3 potions of curing
 f - a potion of resistance
 h - 6 potions of lignification
 n - a potion of degeneration
 w - a potion of brilliance
 x - 2 potions of mutation
 A - a potion of attraction


   Skills:
 - Level 5.0 Fighting
 * Level 15.6 Polearms
 + Level 3.4 Armour
 + Level 3.7 Shields


You had 9 spell levels left.
You didn't know any spells.
Your spell library contained the following spells:

 Spells                   Type           Power      Damage    Failure   Level
 Foxfire                  Conj/Fire      0%         2x1d4     90%         1
 Sting                    Tmut/Pois      0%         1d3       90%         1
 Poisonous Vapours        Pois/Air       0%         N/A       97%         2
 Conjure Flame            Conj/Fire      0%         6-21      99%         3
 Ignite Poison            Fire/Tmut/Pois 0%         N/A       99%         3
 Inner Flame              Hex/Fire       0%         N/A       99%         3
 Mephitic Cloud           Conj/Pois/Air  0%         N/A       99%         3
 Olgreb's Toxic Radiance  Pois           0%         N/A       100%        4
 Sticky Flame             Conj/Fire      0%         2d3       100%        4
 Fireball                 Conj/Fire      0%         3d3       100%        5


Dungeon Overview and Level Annotations

Branches:
Dungeon (7/15)             Temple (1/1) D:4          Bailey (1/1)

Altars:
Ashenzari
Cheibriados
Elyvilon
Fedhas
Gozag
Hepliaklqana
Makhleb
Okawaru
Qazlal
Ru
Sif Muna
Trog
Uskayaw
Vehumet
Wu Jian
Xom
Yredelemnul
The Shining One

Shops:
D:2 =   D:4 =

Annotations:
D:7 Prince Ribbit


Innate Abilities, Weirdness & Mutations

You cannot be hasted, slowed, berserked, paralysed or teleported.
You can dig through walls and to a lower floor.
You have a pair of large antennae on your head. (SInv)
Your four strong arms can wield two-handed weapons with a shield.


Message History

You closely miss the orc. The orc closely misses you.
You block the orc warrior's attack.
You closely miss the orc. You block the orc's attack.
You completely miss the orc.
The orc looks more healthy.
The orc warrior hits you from afar with a +0 halberd.
The orc warrior hits you from afar with a +0 halberd!
The orc shouts!
You hit the orc. You freeze the orc.
You kill the orc!
The orc warrior hits you from afar with a +0 halberd!
You block the orc warrior's attack.
You are too injured to fight recklessly!
You are too injured to fight recklessly!
Reach: q) +0 halberd (freeze)
Press: ? - help, Dir - move target, f - orc warrior
Aim: an orc warrior, wielding a +0 halberd and wearing a +0 ring mail (about 47% to evade your +0 halberd of freezing)
You reach to attack!
You closely miss the orc warrior.
The orc is no longer distracted by gold.
The orc warrior hits you from afar with a +0 halberd!
* * * LOW HITPOINT WARNING * * *
The orc closely misses you. You block the orc warrior's attack.
Unknown command.
Reach: q) +0 halberd (freeze)
Press: ? - help, Dir - move target, f/p - orc warrior
Aim: an orc warrior, wielding a +0 halberd and wearing a +0 ring mail (about 47% to evade your +0 halberd of freezing)
You reach to attack!
You slice the orc warrior!! You freeze the orc warrior.
The orc warrior is almost dead.
The orc warrior hits you from afar with a +0 halberd!
* * * LOW HITPOINT WARNING * * *
You block the orc warrior's attack.
You feel much better.
The orc warrior hits you from afar with a +0 halberd.
* * * LOW HITPOINT WARNING * * *
You block the orc warrior's attack.
You feel very mighty all of a sudden.
The orc warrior hits you from afar with a +0 trident!
* * * LOW HITPOINT WARNING * * *
The orc warrior hits you from afar with a +0 halberd!
You die...
Your body crumbles into a pile of gold. #.......# #.......# #(......# (...... ooooo {oooo

##'##
#$@$#
#...#
#...#
#...#
###'###
##.....##
#.......#
#)......#
#.......#


You could see 3 orc warriors and 5 orcs.

Vanquished Creatures
  Grinder (D:5)
  Eustachio (D:5)
  A steam dragon (D:6)
  Menkaure (D:5)
  Edmund (D:4)
  An orc warrior (Bailey)
  2 ice beasts
  2 ogres
  2 necrophages
  A phantom (D:5)
  Blork the orc (D:5)
  2 scorpions (D:4)
  2 water moccasin skeletons
  5 wights
  3 hounds
  2 orc priests (D:4)
  4 bullfrog skeletons
  Crazy Yiuf (D:2)
  Terence (D:2)
  2 centaur skeletons
  3 iguanas
  Natasha (thrice) (D:4)
  An orc wizard (D:4)
  Robin (D:2)
  6 gnolls
  5 adders
  A howler monkey skeleton (D:4)
  A shadow imp (D:5)
  A white imp (D:5)
  An ufetubus (D:6)
  A worm (D:2)
  3 dart slugs
  27 orcs
  8 ball pythons
  5 bats
  11 endoplasms
  3 giant cockroaches
  18 goblins
  11 hobgoblins
  3 jackals (D:2)
  5 kobolds
  2 quokkas
  A frilled lizard (D:1)
  3 rats
160 creatures vanquished.

Vanquished Creatures (others)
  74 plants (D:4)
74 creatures vanquished.

Grand Total: 234 creatures vanquished

Notes
Turn   | Place    | Note
-------+----------+-------------------------------------------
     0 | D:1      | Delamore the Formicid Fighter began the quest for the Orb.
     0 | D:1      | Reached XP level 1. HP: 18/18 MP: 1/1
   144 | D:1      | Reached XP level 2. HP: 10/24 MP: 2/2
   725 | D:1      | Reached XP level 3. HP: 28/30 MP: 3/3
   772 | D:1      | Reached skill level 3 in Polearms
  1226 | D:2      | Found Imef's Jewellery Boutique.
  1331 | D:2      | Reached XP level 4. HP: 33/37 MP: 4/4
  1433 | D:2      | Noticed Robin
  1505 | D:2      | Killed Robin
  1676 | D:2      | Noticed Terence
  1695 | D:2      | Killed Terence
  1696 | D:2      | Reached skill level 4 in Polearms
  1696 | D:2      | Reached XP level 5. HP: 8/42 MP: 5/5
  2017 | D:2      | Found a runed translucent door.
  2018 | D:2      | Noticed Crazy Yiuf
  2313 | D:2      | Found a faded altar of an unknown god.
  2463 | D:2      | Killed Crazy Yiuf
  3057 | D:4      | Noticed Edmund
  3070 | D:4      | Killed Edmund
  3071 | D:4      | Reached skill level 5 in Fighting
  3071 | D:4      | Reached skill level 5 in Polearms
  3071 | D:4      | Reached XP level 6. HP: 51/51 MP: 6/6
  3134 | D:4      | Noticed a necrophage
  3150 | D:3      | Killed a necrophage
  3151 | D:3      | Reached skill level 6 in Polearms
  3151 | D:3      | Reached XP level 7. HP: 52/56 MP: 7/7
  3630 | D:4      | Noticed Natasha
  3642 | D:4      | Killed Natasha
  3849 | D:4      | Reached skill level 7 in Polearms
  4028 | D:4      | Noticed Natasha
  4039 | D:4      | Killed Natasha
  4103 | D:4      | Reached XP level 8. HP: 62/62 MP: 8/8
  4120 | D:4      | Reached skill level 8 in Polearms
  4544 | D:4      | Found Qaghel's Jewellery Shop.
  4716 | D:4      | Noticed Natasha
  4721 | D:4      | Killed Natasha
  4726 | D:4      | Found a staircase to the Ecumenical Temple.
  4944 | Temple   | Entered the Ecumenical Temple
  5053 | Temple   | Became a worshipper of Gozag Ym Sagoz the Greedy
  5110 | D:5      | Entered Level 5 of the Dungeon
  5220 | D:5      | Noticed Menkaure
  5230 | D:5      | Killed Menkaure
  5231 | D:5      | Reached skill level 9 in Polearms
  5536 | D:5      | Noticed Eustachio
  5565 | D:5      | Killed Eustachio
  5566 | D:5      | Reached skill level 10 in Polearms
  5566 | D:5      | Reached XP level 9. HP: 48/68 MP: 9/9
  5846 | D:5      | Noticed Grinder
  5859 | D:5      | Killed Grinder
  6162 | D:5      | Noticed Blork the orc
  6166 | D:5      | Killed Blork the orc
  6167 | D:5      | Reached skill level 11 in Polearms
  6812 | D:6      | Reached skill level 12 in Polearms
  7117 | D:6      | Reached skill level 15 in Polearms
  7117 | D:6      | Reached XP level 10. HP: 74/74 MP: 10/10
  7174 | D:7      | Found a flagged portal.
  7177 | D:7      | Noticed Prince Ribbit
  7328 | Bailey   | Entered a bailey
  7672 | Bailey   | Slain by an orc warrior

Illustrated notes

Levels and vault maps discovered:
D:1:      enne_arrival_octagon_isle, layout_rooms
D:2:      layout_rooms, serial_shops, shop,
          hellmonk_ecumenical_altar_arch_garden, minmay_misc_feat_tower,
          uniq_terence, uniq_robin, uniq_crazy_yiuf_cottage
D:3:      layout_rooms
D:4:      minmay_general_purpose_star, layout_cave_pools,
          minmay_temple_entry_glassed_door, serial_shops, shop,
          kennysheep_boxes, uniq_edmund, uniq_natasha
D:5:      layout_basic, uniq_menkaure, uniq_blork_the_orc, uniq_grinder,
          uniq_eustachio
D:6:      layout_basic
D:7:      layout_loops_ring, enter_bailey_6, uniq_prince_ribbit1
Temple:   kilobyte_greek_temple
Bailey:   bailey_polearm_5, bailey

Skill      XL: |  1  2  3  4  5  6  7  8  9 |
---------------+----------------------------+-----
Polearms       | 3 4 5 6 7 10 15 | 15.6
Fighting       | 4 5 |  5.0
Armour         | |  3.4
Shields        | |  3.7

Action                   |  1- 3 |  4- 6 |  7- 9 | 10-12 || total
-------------------------+-------+-------+-------+-------++-------
Melee: Trident           |   120 |   160 |   254 |       ||   534
       Unarmed           |       |    15 |       |       ||    15
       Halberd           |       |       |    93 |    61 ||   154
Throw: Dart              |       |       |     4 |     6 ||    10
 Abil: Dig               |       |     5 |     1 |       ||     6
Evoke: Wand              |       |       |       |     2 ||     2
  Use: Scroll            |     4 |     5 |    10 |     1 ||    20
       Potion            |       |     1 |     1 |     2 ||     4
 Stab: Distracted        |       |       |       |     1 ||     1
Armor: Scale mail        |    56 |    38 |       |       ||    94
       Skin              |       |     9 |       |       ||     9
       Ring mail         |       |     6 |    81 |    23 ||   110
Dodge: Dodged            |    28 |    51 |    60 |    23 ||   162
Block: Kite shield       |    54 |    74 |   165 |    55 ||   348

Table legend: (Time is in decaauts)
 A = Elapsed time spent in this place.
 B = Non-inter-level travel time spent in this place.
 C = Inter-level travel time spent in this place.
 D = Time resting spent in this place.
 E = Time spent auto-exploring this place.
 F = Levels seen in this place.
 G = Mean time per level.
                   A        B        C        D        E       F      G
               +--------+--------+--------+--------+--------+-----+--------+
         Total |   7790 |   7585 |    205 |   1628 |   4541 |   9 |  865.6 |
       Dungeon |   7305 |   7133 |    172 |   1401 |   4384 |   7 | 1043.6 |
        Temple |    143 |    110 |     33 |      0 |    103 |   1 |  143.0 |
        Bailey |    341 |    341 |      0 |    227 |     54 |   1 |  341.0 |
               +--------+--------+--------+--------+--------+-----+--------+

Top non-repeatable levels by time:
     D:4: 1747 daAuts
     D:2: 1424 daAuts
     D:5: 1244 daAuts
     D:1: 1147 daAuts
     D:6: 776 daAuts
     D:3: 760 daAuts
  Bailey: 341 daAuts
     D:7: 205 daAuts
  Temple: 143 daAuts
